 Dungeon Crawl Stone Soup version 0.28-a0-1447-ga5a8893891 (webtiles) character file.

Game seed: 8125168250325556256

0 hashsling the Vexing (level 1, -1/10 HPs)
             Began as a Deep Elf Enchanter on Jan 11, 2022.
             Slain by a frilled lizard (2 damage)
             ... on level 1 of the Dungeon.
             The game lasted 00:00:42 (43 turns).

hashsling the Vexing (Deep Elf Enchanter)             Turns: 43, Time: 00:00:43

Health: -1/10      AC:  2    Str:  5    XL:     1   Next: 0%
Magic:  6/6        EV: 12    Int: 19    God:
Gold:   0          SH:  0    Dex: 15    Spells: 6/6 levels left

rFire   . . .      SeeInvis .   a - +1 dagger
rCold   . . .      Faith    .   (no shield)
rNeg    . . .      Spirit   .   b - +0 robe
rPois   .          Reflect  .   (no helmet)
rElec   .          Harm     .   (no cloak)
rCorr   .          Rampage  .   (no gloves)
Will    .....                   (no boots)
Stlth   ++........              (no amulet)
HPRegen 0.03/turn               (no ring)
MPRegen 0.10/turn               (no ring)

@: no status effects
A: no striking features
a: no special abilities


You were on level 1 of the Dungeon.
You visited 1 branch of the dungeon, and saw 1 of its levels.

Inventory:

Hand Weapons
 a - a +1 dagger (weapon)
Armour
 b - a +0 robe (worn)
Potions
 c - a potion of invisibility


   Skills:
 - Level 1.0 Short Blades
 - Level 2.4 Dodging
 + Level 3.6 Stealth
 - Level 3.0 Spellcasting
 - Level 4.0 Hexes


You had 6 spell levels left.
You didn't know any spells.
Your spell library contained the following spells:

 Spells                   Type           Power      Damage    Failure   Level
 Confusing Touch          Hex            18%        N/A       9%          3
 Tukima's Dance           Hex            18%        N/A       9%          3
 Ensorcelled Hibernation  Hex/Ice        20%        N/A       10%         2
 Dazzling Flash           Conj/Hex       20%        N/A       21%         3


Dungeon Overview and Level Annotations

Branches:
Dungeon (1/15)

Altars:


Message History

The giant cockroach waves its antennae.
The giant cockroach bites you but does no damage.
Hit: a) +1 dagger
Press: ? - help, Dir - move target, f/p - giant cockroach
Aim: a giant cockroach (severely wounded, about 36% to evade your +1 dagger)
You hit the giant cockroach but do no damage.
The giant cockroach is severely wounded.
The frilled lizard barely misses you. The giant cockroach closely misses you.
The frilled lizard bites you.
Hit: a) +1 dagger
Press: ? - help, Dir - move target, f/p - giant cockroach
Aim: a giant cockroach (severely wounded, about 36% to evade your +1 dagger)
You barely miss the giant cockroach.
The giant cockroach is severely wounded.
The giant cockroach bites you but does no damage.
The frilled lizard barely misses you. x2
Hit: a) +1 dagger
Press: ? - help, Dir - move target, f/p - giant cockroach
Aim: a giant cockroach (severely wounded, about 36% to evade your +1 dagger)
You barely miss the giant cockroach.
The giant cockroach is severely wounded.
The giant cockroach splashes around in the water.
The frilled lizard barely misses you. The frilled lizard bites you.
* * * LOW HITPOINT WARNING * * *
The giant cockroach splashes around in the water.
Hit: a) +1 dagger
Press: ? - help, Dir - move target, f/p - giant cockroach
Aim: a giant cockroach (severely wounded, about 36% to evade your +1 dagger)
You hit the giant cockroach but do no damage.
The giant cockroach is severely wounded.
The frilled lizard barely misses you. The giant cockroach bites you.
* * * LOW HITPOINT WARNING * * *
The frilled lizard barely misses you.
Hit: a) +1 dagger
Press: ? - help, Dir - move target, f/p - giant cockroach
Aim: a giant cockroach (severely wounded, about 36% to evade your +1 dagger)
You hit the giant cockroach but do no damage.
The giant cockroach is severely wounded.
The frilled lizard bites you.
You die...

########################
#.....B@≈P≈≈PP≈P≈≈≈P≈≈≈# #.
#...≈.ll≈≈≈≈PPP≈P≈≈≈≈≈≈#
#..###.≈≈≈≈≈PP≈≈≈≈≈≈P≈≈≈≈≈≈≈#
#....'.≈..≈≈≈≈≈≈≈≈≈≈≈≈≈≈≈≈≈≈#
#..#.'.....≈≈≈≈≈≈≈≈≈≈≈≈≈≈≈.≈#
# ###.♣.≈..≈≈≈..≈≈≈≈≈..≈..≈#
#...###.≈.##.≈.≈.#≈.≈#.#
##### ##.####.P.######<# ###
##### ###


You could see a giant cockroach and 2 frilled lizards.

Vanquished Creatures (others)
  A plant (D:1)
1 creature vanquished.

Notes
Turn   | Place    | Note
-------+----------+-------------------------------------------
     0 | D:1      | hashsling the Deep Elf Enchanter began the quest for the
                  | Orb.
     0 | D:1      | Reached XP level 1. HP: 10/10 MP: 6/6
    43 | D:1      | Slain by a frilled lizard

Illustrated notes

Levels and vault maps discovered:
D:1:      lightli_arrival_windingriver, layout_loops_ring,
          shapermc_ecumenical_altar_venn, st_stairs_14, roderic_lattice_a

Action                   || total
-------------------------++-------
Melee: Dagger            ||     9
Armor: Robe              ||     2
Dodge: Dodged            ||    17

Table legend: (Time is in decaauts)
 A = Elapsed time spent in this place.
 B = Non-inter-level travel time spent in this place.
 C = Inter-level travel time spent in this place.
 D = Time resting spent in this place.
 E = Time spent auto-exploring this place.
 F = Levels seen in this place.
 G = Mean time per level.
                   A        B        C        D        E       F      G
               +--------+--------+--------+--------+--------+-----+--------+
         Total |     45 |     45 |      0 |      0 |     26 |   1 |   45.0 |
       Dungeon |     45 |     45 |      0 |      0 |     26 |   1 |   45.0 |
               +--------+--------+--------+--------+--------+-----+--------+

Top non-repeatable levels by time:
     D:1: 45 daAuts
